 Dungeon Crawl Stone Soup version 0.17-a0-1941-gcc30b76 (webtiles) character file.

98 DecibelRebel the Changer (level 4, -1/34 HPs)
             Began as a Demigod Transmuter on Sept 29, 2015.
             Slain by a gnoll
             ... wielding a +0 spear
              (3 damage)
             ... on level 2 of the Dungeon.
             The game lasted 00:07:07 (2991 turns).

DecibelRebel the Changer (Demigod Transmuter)       Turns: 2991, Time: 00:07:07

Health: -1/34      AC:  2    Str: 13    XL:     4   Next: 21%
Magic:  10/10      EV: 12    Int: 17    God:
Gold:   136        SH:  0    Dex: 16    Spells: 2 memorised, 3 levels left

rFire  . . .     SeeInvis .       - Unarmed
rCold  . . .     Clarity  .     b - +0 robe
rNeg   . . .     SustAt   +     (no shield)
rPois  .         Gourm    .     (no helmet)
rElec  .         Spirit   .     (no cloak)
rCorr  .         Warding  .     (no gloves)
rMut   .         Rnd*Tele +     (no boots)
MR     .....                    (no amulet)
Stlth  +.........               (no ring)
                                (no ring)

@: not resistant to hostile enchantments, very unstealthy
A: clumsy 1, high mp 1, teleportitis 1, wild magic 1, sustain attributes
a: no special abilities


You were on level 2 of the Dungeon.
You were hungry.

You visited 1 branch of the dungeon, and saw 2 of its levels.

You collected 136 gold pieces.

Inventory:

Missiles
 a - 12 arrows
Armour
 b - a +0 robe (worn)
Jewellery
 k - a +4 ring of intelligence {unknown}
Scrolls
 e - a scroll of enchant armour
 g - 3 scrolls of identify
 h - a scroll of enchant weapon {unknown}
 i - a scroll of fear
 m - a scroll of amnesia {unknown}
 o - a scroll of recharging {unknown}
 p - 3 scrolls of teleportation {unknown}
 q - 2 scrolls of remove curse {unknown}
 r - a scroll of noise {unknown}
Books
 c - a book of Changes

   Spells                             Type                      Level
   a - Beastly Appendage              Transmutation                1
   b - Sticks to Snakes               Transmutation                2
   c - Spider Form                    Transmutation/Poison         3
   d - Ice Form                       Ice/Transmutation            4
   e - Blade Hands                    Transmutation                5
Comestibles
 d - a bread ration
 f - 3 slices of pizza
 j - a meat ration
 l - 7 chunks of flesh
 n - a beef jerky


   Skills:
 - Level 0.8 Fighting
 - Level 1.7 Dodging
 - Level 2.6 Unarmed Combat
 + Level 2.3 Spellcasting
 * Level 3.9 Transmutations


You had 3 spell levels left.
You knew the following spells:

 Your Spells              Type           Power        Failure   Level  Hunger
a - Beastly Appendage     Trmt           ###...       9%          1    #......
b - Spider Form           Trmt/Pois      ##........   38%         3    ###....


Dungeon Overview and Level Annotations

Branches:
Dungeon (2/15)


Innate Abilities, Weirdness & Mutations

You have an increased reservoir of magic (+10% MP).
Your attributes are resistant to harm.
You are clumsy. (Dex -2)
You are occasionally teleported to nearby monsters.
Your spells are a little harder to cast, but a little more powerful.


Message History

Where to? (Enter - D:3, ? - help)
What level of the Dungeon? (default 1, ? - help) Welcome back, DecibelRebel the Demigod Transmuter.
Press ? for a list of commands and other information.
The kobold hits you.
A gnoll comes into view. It is wielding a spear.
The kobold completely misses you.
The gnoll shouts!
You hit the kobold.
You kill the kobold!
A gnoll comes into view. It is wielding a halberd.
The gnoll closely misses you. The gnoll misses you.
The gnoll hits you from afar with a halberd.
The gnoll hits you from afar with a spear!
The gnoll hits you from afar with a spear.
The gnoll hits you from afar with a halberd!
* * * LOW HITPOINT WARNING * * *
The gnoll hits you from afar with a spear.
You die...

.....# #.............######...##
####.####..###...####......#..##
#............#...####.######.##
#.##%####.>#............# #÷#
..##.# #..###....#####.# #.##
.....# #...)[....# #.# #..##
###### #......#g.#####.# #...##
# ########..g.....# #....# #
##########@..†....# #..... #
#.g..)............# ###### #
#......#.###.....#####...##
##### #......#.#
#............... ....#
#......#.# ###.............
###.# #......#.# ##.............
###.# #......#.# #..#.........##
.##.# #........# #.##._.......#
.##.############ #.#..........#


You could see 2 gnolls.

Vanquished Creatures
  3 adders (D:2)
  2 worms (D:2)
  2 giant geckos (D:1)
  A giant cockroach (D:2)
  6 hobgoblins
  8 kobolds
  A ball python (D:1)
  4 bats
  A giant newt (D:1)
  6 goblins
  39 rats (D:2)
73 creatures vanquished.

Notes
Turn   | Place    | Note
--------------------------------------------------------------
     0 | D:1      | DecibelRebel the Demigod Transmuter began the quest for the Orb.
     0 | D:1      | Reached XP level 1. HP: 15/15 MP: 5/5
   279 | D:1      | Reached XP level 2. HP: 20/22 MP: 5/7
   968 | D:2      | Reached skill level 3 in Transmutations
   971 | D:2      | Gained mutation: Your spells are a little harder to cast, but a little more powerful. [potion of mutation]
   971 | D:2      | Gained mutation: You are occasionally teleported to nearby monsters. [potion of mutation]
   971 | D:2      | Gained mutation: You are clumsy. (Dex -2) [potion of mutation]
  1092 | D:2      | Reached XP level 3. HP: 24/27 MP: 6/8
  1219 | D:2      | Learned a level 3 spell: Spider Form
  1354 | D:2      | Found a glowing golden altar of the Shining One.
  1935 | D:2      | Found an ancient bone altar of Kikubaaqudgha.
  2798 | D:2      | Reached XP level 4. HP: 30/34 MP: 10/10
  2981 | D:2      | Upgraded the game from 0.17-a0-1927-g319369b to 0.17-a0-1941-gcc30b76
  2991 | D:2      | Slain by a gnoll

Vault maps used:
D:1:      saegor_arrival_simple_a, hangedman_abyss_or_decor_stabs
D:2:      grunt_temple_overflow_open, minmay_rats_cheesy_pizza

Action                   |  1- 3 |  4- 6 || total
-------------------------+-------+-------++-------
Melee: Unarmed           |   184 |    59 ||   243
 Cast: Beastly Appendage |    28 |       ||    28
       Spider Form       |       |     2 ||     2
  Use: Potion            |     3 |       ||     3
       Scroll            |     2 |       ||     2
  Eat: Chunk             |     5 |     2 ||     7
